 Dungeon Crawl Stone Soup version 0.29.1-15-g9cfb28693d (webtiles) character file.

Game seed: 16644256580658668398

342 leafyfresh the Covert (level 6, -3/43 HPs)
             Began as an Octopode Delver on Feb 24, 2023.
             Slain by a hound (5 damage)
             ... on level 5 of the Dungeon.
             The game lasted 00:03:56 (3865 turns).

leafyfresh the Covert (Octopode Delver)             Turns: 3865, Time: 00:03:56

Health: -3/43      AC:  1    Str: 18    XL:     6   Next: 57%
Magic:  8/8        EV: 13    Int: 14    God:
Gold:   311        SH:  0    Dex: 19    Spells: 8/8 levels left

rFire   . . .      SeeInvis .   h - +1 flail (protect)
rCold   + . .      Faith    .   (no shield)
rNeg    . . .      Spirit   .   (helmet restricted)
rPois   .          Reflect  .   (no amulet)
rElec   .          Harm     .   d - +6 ring of strength
rCorr   +          Rampage  .   x - ring of resist corrosion
Will    .....                   z - ring of protection from cold
Stlth   ++++++....              A - +6 ring of dexterity
HPRegen 0.14/turn               (no ring)
MPRegen 0.11/turn               (no ring)
                                (no ring)
                                (no ring)

@: lethally poisoned (-3 -> -6)
A: almost no armour, amphibious, 8 rings, camouflage 1, gelatinous body 1,
(nimble swimmer 1), tentacles
a: no special abilities


You were on level 5 of the Dungeon.
You visited 1 branch of the dungeon, and saw 5 of its levels.

You collected 311 gold pieces.

Inventory:

Hand Weapons
 a - a +0 short sword
 h - a +1 flail of protection (weapon)
Missiles
 g - 2 datura-tipped darts (quivered)
 n - a throwing net
Jewellery
 d - a +6 ring of strength (left tentacle)
 x - a ring of resist corrosion (right tentacle)
 z - a ring of protection from cold (on tentacle)
 A - a +6 ring of dexterity (on tentacle)
Wands
 f - a wand of digging (3)
Scrolls
 b - 3 scrolls of fog
 c - 2 scrolls of magic mapping
 i - 3 scrolls of teleportation {unknown}
 j - a scroll of summoning {unknown}
 k - a scroll of poison {unknown}
 o - 3 scrolls of enchant weapon {unknown}
 t - a scroll of silence {unknown}
 u - a scroll of enchant armour {unknown}
 v - 2 scrolls of identify {unknown}
 w - a scroll of amnesia {unknown}
 y - a scroll of blinking {unknown}
Potions
 e - a potion of haste
 l - a potion of curing {unknown}
 m - 2 potions of mutation
 p - 2 potions of degeneration {unknown}
 q - 3 potions of heal wounds {unknown}
 r - a potion of brilliance {unknown}
 s - a potion of lignification {unknown}


   Skills:
 + Level 3.7 Fighting
 - Level 2.0 Short Blades
 - Level 2.0 Dodging
 - Level 10.4 Stealth
 + Level 1.7 Spellcasting


You had 8 spell levels left.
You didn't know any spells.
Your spell library was empty.

Dungeon Overview and Level Annotations

Branches:
Dungeon (5/15)
 Temple: D:4-7

Altars:
Sif Muna
The Shining One

Shops:
D:2 :


Innate Abilities, Weirdness & Mutations

You cannot wear most types of armour.
You are amphibious.
You can wear up to eight rings at the same time.
Your skin changes colour to match your surroundings (Stealth+).
Your rubbery body absorbs attacks. (AC +1, EV +1)
((You are camouflaged when in or above water. (Stealth+)))
You have tentacles for arms and can constrict up to eight enemies at once.


Message History

A scorpion is nearby!
A gnoll comes into view. It is wielding a +0 club.
There are monsters nearby!
A gnoll comes into view. It is wielding a +0 flail.
The gnoll shouts!
A hound comes into view.
There are monsters nearby!
A gnoll comes into view. It is wielding a +0 spear.
The scorpion stings you.
The gnoll shouts! x3; The hound barks!
You sock the scorpion!
Your weapon exudes an aura of protection.
You grab the scorpion.
The scorpion is heavily wounded.
You constrict the scorpion. The scorpion closely misses you.
The scorpion barely misses you.
Unknown command.
You release your grip on the scorpion.
The scorpion attacks as you move away! The scorpion stings you.
The scorpion stings you.
The hound pauses to sniff the ground.
The scorpion attacks as you move away! The scorpion stings you!
You are poisoned.
The scorpion poisons you!
You feel very sick. The hound barely misses you.
The hound attacks as you move away! The hound closely misses you.
You feel sick. The scorpion attacks as you move away!
The scorpion barely misses you. The hound attacks as you move away!
The hound bites you.
* * * LOW HITPOINT WARNING * * *
You feel sick. The hound barely misses you.
You feel sick. The scorpion stings you.
* * * LOW HITPOINT WARNING * * *
There is an escape hatch in the ceiling here.
It was a potion of mutation.
You feel extremely strange.
You feel frail.
You feel robust.
* * * LOW HITPOINT WARNING * * *
You feel sick. The hound barely misses you. The hound bites you.
You die...

##......####.............
#...#### #............. ##..##
#............. ##..##
##..#......... #...###
#..###....... #####.....#####
##...##.......
..)...........###.....#.......
..............h.g.g...........
>............@sg.g............
....##........................
...# ##.......................
..# ##......................
.. ##............#####....
#....##.....## #... ...
##..#####..## #.. ..... #..##
..# .....# #...###..


You could see a scorpion, a hound and 4 gnolls.

Vanquished Creatures
  A scorpion (D:4)
  3 hounds
  3 orc wizards
  3 adders (D:4)
  An ufetubus (D:4)
  A worm (D:2)
  2 dart slugs
  6 orcs
  4 endoplasms
  3 giant cockroaches
  6 goblins
  5 hobgoblins
  9 jackals
  5 kobolds
  4 quokkas
  9 ball pythons
  2 bats
  4 rats
71 creatures vanquished.

Notes
Turn   | Place    | Note
-------+----------+-------------------------------------------
     0 | D:5      | leafyfresh the Octopode Delver began the quest for the Orb.
     0 | D:5      | Reached XP level 1. HP: 16/16 MP: 1/1
     3 | D:5      | Noticed an ogre
     3 | D:5      | Noticed an orc wizard
   259 | D:4      | Reached skill level 7 in Stealth
   420 | D:4      | Reached XP level 2. HP: 14/21 MP: 2/2
   623 | D:4      | Found a glowing golden altar of the Shining One.
   795 | D:4      | Reached skill level 8 in Stealth
   795 | D:4      | Reached XP level 3. HP: 14/26 MP: 3/3
   970 | D:4      | Reached XP level 4. HP: 9/31 MP: 4/4
   972 | D:4      | Reached skill level 9 in Stealth
  1216 | D:4      | Found a shimmering blue altar of Sif Muna.
  1409 | D:4      | Reached XP level 5. HP: 34/36 MP: 5/5
  1538 | D:4      | Reached skill level 10 in Stealth
  1852 | D:3      | Reached XP level 6. HP: 41/42 MP: 5/7
  1860 | D:3      | Reached skill level 1 in Spellcasting
  2136 | D:2      | Found Uzoydghen's Book Boutique.
  3865 | D:5      | Gained mutation: You are frail. (-10% HP) [potion of
                  | mutation]
  3865 | D:5      | Lost mutation: You are frail. (-10% HP) [potion of
                  | mutation]
  3865 | D:5      | HP: 2/43 [poisoned by a scorpion]
  3865 | D:5      | Slain by a hound

Illustrated notes

Levels and vault maps discovered:
D:1:      dpeg_arrival_three_bigger_balls, layout_basic, serial_rivers,
          chequers_serial_rivers_micro_b, chequers_serial_rivers_room_b,
          chequers_serial_rivers_large_b, chequers_serial_rivers_room_b,
          chequers_serial_rivers_small_b, minivault_26
D:2:      layout_basic, serial_shops, nicolae_shop_waterfront
D:3:      layout_loops_cross, kennysheep_big_empty_room, solitary_fountain
D:4:      layout_basic, lemuel_tele_altar, mainiacjoe_overflow_boulevard
D:5:      layout_layer_cave, nicolae_ru_awakened_eye, kennysheep_slug_shrine,
          kennysheep_mini_moat, corexii_item_surrounded_by_moat,
          grunt_ministairs_10, kennysheep_generic_room_4

Skill      XL: |  1  2  3  4  5  6 |
---------------+-------------------+-----
Stealth        | 7 8 9 10 | 10.4
Spellcasting   | 1 |  1.7
Fighting       | |  3.7
Short Blades   | |  2.0
Dodging        | |  2.0

Action                   |  1- 3 |  4- 6 || total
-------------------------+-------+-------++-------
Melee: Short sword       |    13 |       ||    13
       Constrict         |     8 |    17 ||    25
       Tentacles         |     5 |    11 ||    16
       Flail             |    20 |    85 ||   105
  Use: Scroll            |     1 |       ||     1
       Potion            |       |     1 ||     1
 Stab: Sleeping          |     3 |    27 ||    30
Armor: Skin              |     6 |    15 ||    21
Dodge: Dodged            |    18 |    50 ||    68
